 Dungeon Crawl Stone Soup version 0.30-a0-757-ga6a79fd877 (webtiles) character file.

Game seed: 7029496404605859769

32 Esekla the Sneak (level 3, 26/26 HPs)
             Began as an Octopode Delver on Feb 9, 2023.
             Quit the game on level 5 of the Dungeon.
             The game lasted 00:01:56 (278 turns).

Esekla the Sneak (Octopode Delver)                   Turns: 278, Time: 00:01:56

Health: 26/26      AC:  1    Str: 11    XL:     3   Next: 25%
Magic:  4/4        EV: 13    Int: 14    God:
Gold:   36         SH:  0    Dex: 13    Spells: 3/3 levels left

rFire   . . .      SeeInvis .    a - +0 falchion
rCold   . . .      Faith    .    (no shield)
rNeg    . . .      Spirit   .    (helmet restricted)
rPois   .          Reflect  .    (no amulet)
rElec   .          Harm     .    (no ring)
rCorr   .          Rampage  .    (no ring)
Will    .....                    (no ring)
Stlth   ++++                     (no ring)
HPRegen 0.24/turn                (no ring)
MPRegen 0.09/turn                (no ring)
                                 (no ring)
                                 (no ring)

@: hasted, very quick
A: almost no armour, amphibious, 8 rings, camouflage 1, gelatinous body 1,
(nimble swimmer 1), tentacles
a: no special abilities


You were on level 5 of the Dungeon.
You visited 2 branches of the dungeon, and saw 2 of its levels.

You collected 36 gold pieces.

Inventory:

Hand Weapons
 a - a +0 falchion (weapon)
 g - a +0 trident
Jewellery
 c - an amulet of the acrobat
Wands
 f - a wand of digging (3)
Scrolls
 b - 2 scrolls of fog
 d - a scroll of fear
 h - a scroll of teleportation {unknown}
 i - a scroll of identify {unknown}


   Skills:
 * Level 3.2 Fighting
 * Level 2.2 Long Blades
 * Level 2.2 Dodging
 + Level 7.1 Stealth
 * Level 0.6 Spellcasting


You had 3 spell levels left.
You didn't know any spells.
Your spell library was empty.

Dungeon Overview and Level Annotations

Branches:
Dungeon (5/15)             Temple (1/1) D:5

Altars:
Ashenzari
Dithmenos
Elyvilon
Hepliaklqana
Kikubaaqudgha
Makhleb
Nemelex Xobeh
Qazlal
Ru
Trog
Uskayaw
Wu Jian
Xom
Yredelemnul
Zin
The Shining One

Annotations:
D:5 Ijyb, Sigmund


Innate Abilities, Weirdness & Mutations

You cannot wear most types of armour.
You are amphibious.
You can wear up to eight rings at the same time.
Your skin changes colour to match your surroundings (Stealth+).
Your rubbery body absorbs attacks. (AC +1, EV +1)
((You are camouflaged when in or above water. (Stealth+)))
You have tentacles for arms and can constrict up to eight enemies at once.


Message History

Found a trident.
c - an amulet of the acrobat Sigmund the Dreaded comes into view.
He is wielding a +0 scythe.
Found a lajatang.
A necrophage comes into view.
Found a scroll labelled LUOZOZXAREO and a scroll labelled OPPITSEME.
You see here 6 gold pieces.
You now have 24 gold pieces (gained 6).
You see here a +0 trident.
g - a +0 trident
h - a scroll labelled OPPITSEME
Found a staircase to the Ecumenical Temple.
There is a staircase to the Ecumenical Temple here.
You climb downwards.
Welcome to the Ecumenical Temple!
Found fifteen altars.
There is a staircase back to the Dungeon here.
You climb upwards.
Level annotation: Sigmund
There is a staircase to the Ecumenical Temple here.
Found a scroll labelled ZIASCH DILO.
Found a mace.
i - a scroll labelled ZIASCH DILO You see here a +0 mace.
Found 12 gold pieces.
You now have 36 gold pieces (gained 12).
Found a stone staircase leading down.
Found a falchion.
A phantom and a dart slug come into view.
The dart slug launches a dart at you. The slug dart misses you.
A howler monkey comes into view.
Found a stone staircase leading up.
Ijyb the Twisted Goblin comes into view.
She is wielding a +2 dagger of draining and carrying a wand of paralysis (9).
You feel yourself speed up.
The phantom hits you but does no damage.
You open the door.
Found a glowing silver altar of Zin.
There is an open door here.
You close the door.
Are you sure you want to abandon this character and quit the game? (Confirm with "yes".)

#**#..........#*,,,***
##**#.........##,,,*
..#*#..........,,,**
#..,#.........#****
#*#.#.#.##..#.###### #
#.#........w.W...# #
#........#######W#
#####......#.....#.#
...........#.#.#@#.#
####.#.....#.._..+.#
...#.#.....#.#.#.###
##.........#.....#
..?....##.########
.#)....##.#
##........#
........#.#
##.n...##,*


There were no monsters in sight!

Vanquished Creatures
  A hound (D:5)
1 creature vanquished.

Notes
Turn   | Place    | Note
-------+----------+-------------------------------------------
     0 | D:5      | Esekla the Octopode Delver began the quest for the Orb.
     0 | D:5      | Reached XP level 1. HP: 16/16 MP: 1/1
     4 | D:5      | Noticed a hound
    13 | D:5      | Killed a hound
    14 | D:5      | Reached skill level 7 in Stealth
    14 | D:5      | Reached XP level 2. HP: 9/21 MP: 1/3
    14 | D:5      | Reached XP level 3. HP: 11/26 MP: 1/4
    98 | D:5      | Noticed Sigmund
    99 | D:5      | Noticed a necrophage
   133 | D:5      | Found a staircase to the Ecumenical Temple.
   142 | Temple   | Entered the Ecumenical Temple
   256 | D:5      | Noticed a phantom
   263 | D:5      | Noticed Ijyb
   274 | D:5      | Found a glowing silver altar of Zin.
   278 | D:5      | Quit the game

Illustrated notes

Levels and vault maps discovered:
D:5:      layout_rooms, kennysheep_little_box, lemuel_temple_firewalk_b,
          uniq_sigmund, uniq_ijyb
Temple:   minmay_freezing_vapour_temple

Skill      XL: |  1 |
---------------+----+-----
Stealth        | 7 |  7.1
Fighting       | |  3.2
Long Blades    | |  2.2
Dodging        | |  2.2
Spellcasting   | |  0.6

Action                     || total
---------------------------++-------
  Melee: Falchion          ||     4
         Constrict         ||     1
         Punch             ||     1
         Tentacles         ||     1
    Use: Scroll            ||     1
         Potion            ||     1
 Armour: Skin              ||     1
  Dodge: Dodged            ||     5

Table legend: (Time is in decaauts)
 A = Elapsed time spent in this place.
 B = Non-inter-level travel time spent in this place.
 C = Inter-level travel time spent in this place.
 D = Time resting spent in this place.
 E = Time spent auto-exploring this place.
 F = Levels seen in this place.
 G = Mean time per level.
                   A        B        C        D        E       F      G
               +--------+--------+--------+--------+--------+-----+--------+
         Total |    275 |    275 |      0 |     55 |      0 |   2 |  137.5 |
       Dungeon |    273 |    273 |      0 |     55 |      0 |   1 |  273.0 |
        Temple |      1 |      1 |      0 |      0 |      0 |   1 |    1.0 |
               +--------+--------+--------+--------+--------+-----+--------+

Top non-repeatable levels by time:
     D:5: 273 daAuts
  Temple: 1 daAuts
